 Dungeon Sprint DCSS version 0.29-a0-359-g541a27f54d (webtiles) character file.

Game seed: 1990201671406538266

140 Zeldest the Skirmisher (level 5, 25/46 HPs)
             Began as a Demonspawn Fighter on Apr 28, 2022.
             Quit the game in the Dungeon (Sprint IX: "|||||||||||||||||||||||||||||").
             The game lasted 00:00:27 (57 turns).

Zeldest the Skirmisher (Demonspawn Fighter)           Turns: 57, Time: 00:00:27

Health: 25/46      AC:  7    Str: 18    XL:     5   Next: 2%
Magic:  5/5        EV: 11    Int: 10    God:
Gold:   0          SH:  9    Dex: 12    Spells: 4/4 levels left

rFire   . . .      SeeInvis .     - Unarmed
rCold   . . .      Faith    .   b - +0 buckler
rNeg    . . .      Spirit   .   a - +0 scale mail
rPois   .          Reflect  .   (no helmet)
rElec   .          Harm     .   (no cloak)
rCorr   .          Rampage  .   (no gloves)
Will    .....      NoTele   +   (no boots)
Stlth   ..........              (no amulet)
HPRegen 0.15/turn               (no ring)
MPRegen 0.09/turn               (no ring)

@: on berserk cooldown, slowed, very slow
A: repulsion field 1, condensation shield, weakness stinger 1
a: no special abilities


You were in the Dungeon.
You visited 1 branch

Inventory:

Armour
 a - a +0 scale mail (worn)
 b - a +0 buckler (worn)
Scrolls
 i - a scroll of blinking
Potions
 c - a potion of might
 d - a potion of curing
 e - a potion of heal wounds
 f - a potion of haste
 g - 2 potions of magic


   Skills:
 + Level 5.8 Fighting
 + Level 5.2 Armour
 + Level 5.3 Shields
 + Level 4.8 Unarmed Combat


You had 4 spell levels left.
You didn't know any spells.
Your spell library was empty.

Dungeon Overview and Level Annotations

Branches:
Dungeon (1/1)

Altars:


Innate Abilities, Weirdness & Mutations

You are surrounded by a mild repulsion field. (EV +2)
A meltable shield of frost defends you. (SH +4)
You have a small tail.


Message History

The ufetubus hits you but does no damage.
The ufetubus hits you. You block the ufetubus's attack.
The ufetubus hits you but does no damage.
You barely miss the ufetubus. You block the ufetubus's attack.
The ufetubus hits you but does no damage. x2
You block the ufetubus's attack.
You hit the ufetubus.
The ufetubus is lightly wounded.
You block the ufetubus's attack. The ufetubus closely misses you.
The ufetubus barely misses you. x2
You hit the ufetubus.
The ufetubus is heavily wounded.
The ufetubus hits you but does no damage.
The ufetubus barely misses you. The ufetubus completely misses you.
The ufetubus hits you. You block the ufetubus's attack. x2
You hit the ufetubus.
You kill the ufetubus!
The orc wizard mumbles some strange words.
The orc wizard flickers and vanishes!
Deactivating autopickup; reactivate with Ctrl-A.
Your Armour skill increases to level 5!
Your Shields skill increases to level 5!
You barely miss something. Something hits you but does no damage.
You punch something! Something hits you but does no damage.
You hit something. Something hits you. Something hits you but does no damage.
You miss something. Something hits you but does no damage.
You completely miss something. Something completely misses you.
You block something's attack.
You hit something. Something hits you but does no damage.
You hit something.
Something hits you but does no damage. x2
You hit something.
Reactivating autopickup.
You feel a bit more experienced.
You have reached level 5!
Your demonic ancestry asserts itself...
You grow a small tail.
Are you sure you want to abandon this character and quit the game? (Confirm with "yes".)
Okay, then.
Unknown command.
Are you sure you want to abandon this character and quit the game? (Confirm with "yes".)

▓+▓
▓.▓
▓.▓
▓.▓
▓.▓
▓)▓
▓@▓
▓.▓
▓.▓
▓.▓
▓.▓
▓.▓
▓)▓
▓.▓
▓.▓


There were no monsters in sight!

Vanquished Creatures
  A phantom (D)
  An iguana (D)
  An orc wizard (D)
  An ufetubus (D)
  2 kobolds (D)
  A quokka (D)
  A bat (D)
  A frilled lizard (D)
  A rat (D)
10 creatures vanquished.

Notes
Turn   | Place    | Note
-------+----------+-------------------------------------------
     0 | D        | Zeldest the Demonspawn Fighter began the quest for the Orb.
     0 | D        | Reached XP level 1. HP: 18/18 MP: 1/1
    26 | D        | Noticed an orc wizard
    26 | D        | Noticed an iguana
    26 | D        | Noticed a phantom
    33 | D        | Killed a phantom
    34 | D        | Reached skill level 5 in Fighting
    34 | D        | Gained mutation: A meltable shield of frost defends you.
                  | (SH +4) [demonic ancestry]
    34 | D        | Reached XP level 2. HP: 27/27 MP: 2/2
    34 | D        | Reached XP level 3. HP: 33/33 MP: 3/3
    34 | D        | Gained mutation: You are surrounded by a mild repulsion
                  | field. (EV +2) [demonic ancestry]
    34 | D        | Reached XP level 4. HP: 39/39 MP: 4/4
    49 | D        | Reached skill level 5 in Armour
    49 | D        | Reached skill level 5 in Shields
    57 | D        | Gained mutation: You have a small tail. [demonic ancestry]
    57 | D        | Reached XP level 5. HP: 25/46 MP: 5/5
    57 | D        | Quit the game

Illustrated notes

Levels and vault maps discovered:
D:        linesprint [early_d, line_temple, items_1, d_10, items_2, lair_1,
          lair_end, items_3, orc_1, orc_end, items_4, d_15, swamp_1, shoals_1,
          snake_1, spider_1, d_20, vaults_1, items_5, swamp_end, shoals_end,
          snake_end, spider_end, vaults_end, d_27, items_6, zot_1, zot_end,
          crypt_end, forest_end, elf_end, slime_end, tomb_end, abyss_end,
          pan_hell_end]

Skill      XL: |  1  2  3  4 |
---------------+-------------+-----
Unarmed Combat | 4 |  4.8
Armour         | 4 5 |  5.2
Shields        | 4 5 |  5.3
Fighting       | 5 |  5.8

Action                   |  1- 3 |  4- 6 || total
-------------------------+-------+-------++-------
Melee: Unarmed           |    22 |    22 ||    44
  Use: Potion            |     1 |       ||     1
Armor: Scale mail        |     9 |    15 ||    24
Dodge: Dodged            |     3 |    10 ||    13
Block: Buckler           |     3 |    10 ||    13

Table legend: (Time is in decaauts)
 A = Elapsed time spent in this place.
 B = Non-inter-level travel time spent in this place.
 C = Inter-level travel time spent in this place.
 D = Time resting spent in this place.
 E = Time spent auto-exploring this place.
 F = Levels seen in this place.
 G = Mean time per level.
                   A        B        C        D        E       F      G
               +--------+--------+--------+--------+--------+-----+--------+
         Total |     58 |     58 |      0 |      0 |      0 |   1 |   58.0 |
       Dungeon |     58 |     58 |      0 |      0 |      0 |   1 |   58.0 |
               +--------+--------+--------+--------+--------+-----+--------+

Top non-repeatable levels by time:
       D: 58 daAuts
